 Dungeon Crawl Stone Soup version 0.24.0-123-gd5b16e6ec5 (webtiles) character file.

Game seed: 9101371944056882233, levelgen mode: deterministic

445 FishyPogo the Grave Robber (level 6, 0/55 HPs)
             Began as a Deep Dwarf Necromancer on Feb 5, 2020.
             Slain by an ice beast (9 damage)
             ... on level 4 of the Dungeon.
             The game lasted 00:14:31 (3820 turns).

FishyPogo the Grave Robber (Deep Dwarf Necromancer) Turns: 3820, Time: 00:14:32

Health: 0/55       AC:  2    Str: 12    XL:     6   Next: 72%
Magic:  2/11       EV: 13    Int: 17    God:
Gold:   218        SH:  0    Dex: 13    Spells: 2/11 levels left

rFire    . . .     SeeInvis .   e - +0 short sword
rCold    . . .     Gourm    .   (no shield)
rNeg     . . .     Faith    .   a - +0 robe
rPois    .         Spirit   .   (no helmet)
rElec    .         Reflect  .   (no cloak)
rCorr    .         Harm     .   (no gloves)
MR       .....                  (no boots)
Stlth    ++........             (no amulet)
HPRegen  0.00/turn              (no ring)
MPRegen  0.12/turn              (no ring)

@: non-regenerating, lightly drained
A: damage resistance, heal wounds, sense surroundings 1, no regeneration
a: Heal Wounds


You were on level 4 of the Dungeon.
You were hungry.

You visited 1 branch of the dungeon, and saw 5 of its levels.

You collected 218 gold pieces.

Inventory:

Hand Weapons
 e - a +0 short sword (weapon)
Missiles
 j - 163 stones
 l - 4 boomerangs
 n - 29 poisoned darts (quivered)
 r - 4 atropa-tipped darts
 v - 8 datura-tipped darts
Armour
 a - a +0 robe (worn)
 o - a +1 ring mail of cold resistance
Scrolls
 b - a scroll of immolation {unknown}
 f - 3 scrolls of identify {unknown}
 h - 2 scrolls of remove curse {unknown}
 i - a scroll of magic mapping {unknown}
 k - 3 scrolls of teleportation {unknown}
 m - a scroll of fog {unknown}
 s - a scroll of blinking {unknown}
 t - 2 scrolls of noise {unknown}
 u - a scroll of fear {unknown}
Potions
 d - 3 potions of haste {unknown}
 g - a potion of brilliance {unknown}
 p - 5 potions of curing {unknown}
Comestibles
 c - 5 rations
 q - 2 chunks of flesh


   Skills:
 + Level 2.9(2.6) Fighting
 + Level 2.5(2.2) Armour
 - Level 3.0(2.7) Dodging
 - Level 3.0(2.7) Stealth
 + Level 3.3(3.0) Spellcasting
 + Level 5.8(5.5) Necromancy


You had 2 spell levels left.
You knew the following spells:

 Your Spells              Type           Power        Failure   Level  Hunger
a - Pain                  Necr           ###.         1%          1    None
c - Vampiric Draining     Necr           ###.......   5%          3    ###....
u - Animate Dead          Necr           N/A          19%         4    ####...
y - Animate Skeleton      Necr           N/A          1%          1    None

Your spell library contained the following spells:

 Spells                   Type           Power        Failure   Level  Hunger
 Regeneration             Chrm/Necr      Unusable     N/A         3    N/A

Dungeon Overview and Level Annotations

Branches:
Dungeon (5/15)
 Temple: D:4-7

Altars:

Annotations:
D:4 Grinder
D:5 Eustachio


Innate Abilities, Weirdness & Mutations

You are resistant to damage.
You can heal yourself by infusing magical energy.
You passively map a small area around you.
You do not regenerate.


Message History

The ice beast hits you. The ice beast freezes you!
You hit the ice beast.
The ice beast is severely wounded.
The ice beast barely misses you.
You barely miss the ice beast.
The ice beast is severely wounded.
The ice beast closely misses you.
You hit the ice beast but do no damage.
The ice beast is severely wounded.
The ice beast hits you. The ice beast freezes you.
* * * LOW HITPOINT WARNING * * *
You barely miss the ice beast.
The ice beast is severely wounded.
The ice beast closely misses you.
You barely miss the ice beast.
The ice beast is severely wounded.
The ice beast hits you. The ice beast freezes you!
* * * LOW HITPOINT WARNING * * *
The ice beast hits you. The ice beast freezes you!
You die...

...[...........#..'......#...#...
...............####......###.#...
################..#....#####+##..
#.............#....#......#..
#.............#....#......#..
#.............'....#......'..
######.###...##....##+##+##.. ,,
#.###...#............... ,
,#......@#............... ,
#......Y#............... ,,
#..####.#...............
###+####.####......####.. ,,
+......>....#......#..#..
#...........#......'..'.. ,
#...........#......#..#..
##..#######'#......#.##.. *
#######.#....#+####.####


You could see an ice beast.

Vanquished Creatures
  2 ogres
  A howler monkey (D:4)
  An orc wizard (D:3)
  A worker ant (D:5)
  2 hound skeletons (D:3)
  3 adders (D:2)
  3 oozes
  An adder skeleton (D:3)
  4 worms
  3 leopard geckos
  8 orcs
  8 giant cockroaches
  5 goblins
  10 hobgoblins
  4 jackals
  A quokka (D:4)
  7 bats
  A giant cockroach zombie (D:3)
  5 kobolds
  A leopard gecko skeleton (D:4)
  A leopard gecko zombie (D:3)
  10 rats
82 creatures vanquished.

Vanquished Creatures (collateral kills)
  A worker ant (D:4)
  A rat (D:1)
2 creatures vanquished.

Grand Total: 84 creatures vanquished

Notes
Turn   | Place    | Note
-------+----------+-------------------------------------------
     0 | D:1      | FishyPogo the Deep Dwarf Necromancer began the quest for
                  | the Orb.
     0 | D:1      | Reached XP level 1. HP: 15/15 MP: 3/3
    52 | D:1      | Learned a level 1 spell: Animate Skeleton
   306 | D:1      | Reached XP level 2. HP: 17/24 MP: 1/4
  1051 | D:2      | Reached XP level 3. HP: 21/30 MP: 3/6
  1058 | D:2      | Reached skill level 1 in Fighting
  1359 | D:2      | Reached XP level 4. HP: 21/38 MP: 0/7
  1497 | D:2      | Learned a level 3 spell: Vampiric Draining
  2083 | D:3      | Reached skill level 5 in Necromancy
  2331 | D:3      | Reached XP level 5. HP: 38/45 MP: 1/8
  2880 | D:3      | Reached skill level 1 in Armour
  3361 | D:4      | Learned a level 4 spell: Animate Dead
  3479 | D:4      | Noticed an ogre
  3550 | D:4      | Killed an ogre
  3550 | D:4      | Reached XP level 6. HP: 51/55 MP: 5/10
  3600 | D:4      | Noticed Grinder
  3616 | D:5      | Entered Level 5 of the Dungeon
  3717 | D:5      | Noticed an ice beast
  3759 | D:5      | Noticed Eustachio
  3820 | D:4      | Slain by an ice beast

Levels and vault maps discovered:
D:1:      wander_arrival_chamber, layout_basic, minmay_cut_off
D:2:      layout_loops_ring, minmay_fractal_squares_5
D:3:      layout_basic, first_ration, serial_undead, serial_undead_a,
          serial_undead_a, serial_undead_b, serial_undead_b, serial_undead_b,
          serial_undead_f, serial_undead_b, grunt_decor_cap
D:4:      layout_gridville, uniq_grinder
D:5:      layout_loops_ring, minmay_fractal_squares_diagonal_5, uniq_sigmund,
          uniq_eustachio

Skill      XL: |  1  2  3  4  5 |
---------------+----------------+-----
Spellcasting   | 2 3 |  3.3
Stealth        | 3 |  3.0
Fighting       | 1 2 |  2.9
Dodging        | 3 |  3.0
Necromancy     | 5 |  5.8
Armour         | 2 |  2.5

Action                   |  1- 3 |  4- 6 || total
-------------------------+-------+-------++-------
Melee: Short sword       |    33 |    95 ||   128
Throw: Stone             |       |    11 ||    11
       Dart              |       |     2 ||     2
 Cast: Pain              |    51 |    68 ||   119
       Animate Skeleton  |     4 |     3 ||     7
       Vampiric Draining |       |    27 ||    27
 Stab: Sleeping          |     2 |       ||     2
  Eat: Chunk             |     2 |    11 ||    13
Armor: Robe              |    10 |    16 ||    26
Dodge: Dodged            |    31 |    69 ||   100
